 Dungeon Crawl Stone Soup version 0.27.0-1-g7a089689b8 (webtiles) character file.

Game seed: 11586788690836669950

98 Acheron the Covered (level 4, 0/40 HPs)
             Began as a Minotaur Fighter on Aug 13, 2021.
             Was a Follower of Makhleb.
             Slain by a gnoll (5 damage)
             ... on level 2 of the Dungeon.
             The game lasted 00:05:02 (1493 turns).

Acheron the Covered (Minotaur Fighter)              Turns: 1493, Time: 00:05:03

Health: 0/40       AC:  7    Str: 20    XL:     4   Next: 44%
Magic:  3/3        EV: 10    Int:  6    God:    Makhleb [*.....]
Gold:   86         SH:  4    Dex: 10    Spells: 3/3 levels left

rFire    . . .     SeeInvis .   a - +0 war axe
rCold    . . .     Faith    .   g - +0 buckler
rNeg     . . .     Spirit   .   b - +0 scale mail
rPois    .         Reflect  .   (helmet restricted)
rElec    .         Harm     .   (no cloak)
rCorr    .         Rampage  .   (no gloves)
Will     .....                  (no boots)
Stlth    ..........             (no amulet)
HPRegen  0.13/turn              (no ring)
MPRegen  0.08/turn              (no ring)

@: no status effects
A: horns 2, retaliatory headbutt
a: Renounce Religion


You were on level 2 of the Dungeon.
You worshipped Makhleb.
Makhleb was aware of your devotion.
You visited 1 branch of the dungeon, and saw 3 of its levels.

You collected 86 gold pieces.

Inventory:

Hand Weapons
 a - a +0 war axe (weapon)
Missiles
 e - 20 stones (quivered)
Armour
 b - a +0 scale mail (worn)
 c - a +0 kite shield
 f - a +0 ring mail
 g - a +0 buckler (worn)
Scrolls
 i - 2 scrolls of immolation {unknown}
 j - a scroll of identify {unknown}
Potions
 d - a potion of might
 h - a potion of brilliance {unknown}


   Skills:
 + Level 4.2 Fighting
 * Level 3.7 Axes
 + Level 4.2 Armour
 * Level 1.3 Dodging
 * Level 1.0 Stealth
 - Level 4.0 Shields


You had 3 spell levels left.
You didn't know any spells.
Your spell library was empty.

Dungeon Overview and Level Annotations

Branches:
Dungeon (3/15)

Altars:
Makhleb


Innate Abilities, Weirdness & Mutations

You have a pair of horns on your head.
You reflexively headbutt those who attack you in melee.


Message History

You barely miss the gnoll. Your headbutt misses the gnoll.
The gnoll is severely wounded.
You block the gnoll's attack. The gnoll hits you with a +0 club.
You barely miss the gnoll.
The gnoll is severely wounded.
You block the gnoll's attack.
The gnoll hits you from afar with a +0 spear.
* * * LOW HITPOINT WARNING * * *
The gnoll barely misses you. The gnoll hits you but does no damage.
You closely miss the gnoll. You headbutt the gnoll.
The gnoll is severely wounded.
The gnoll hits you with a +0 club.
* * * LOW HITPOINT WARNING * * *
You block the gnoll's attack. The gnoll closely misses you.
The gnoll hits you from afar with a +0 spear.
* * * LOW HITPOINT WARNING * * *
Found an encrusted granite ring.
You see here a +6 ring of intelligence.
You barely miss the gnoll.
The gnoll is severely wounded.
You block the gnoll's attack.
You slash the gnoll!
You kill the gnoll!
Makhleb accepts your kill. The gnoll barely misses you.
A kobold comes into view. It is wielding a +0 whip.
The kobold shouts!
The gnoll hits you from afar with a +0 spear.
* * * LOW HITPOINT WARNING * * *
The gnoll closely misses you. The kobold closely misses you.
You closely miss the kobold. The kobold hits you with a +0 whip.
* * * LOW HITPOINT WARNING * * *
The gnoll barely misses you.
You hit the kobold.
You kill the kobold!
Makhleb accepts your kill.
You feel better.
The gnoll hits you from afar with a +0 spear.
You die...

#####
####......
#.@)....#
#.#####.# #.#
#############g#
#.### #.#
#..w.)........#
#..<# #.#
#.###########.#
#.#........ #.#
#.# # ######.##
#g# ... .. #.#
#.# ###.
###.####.# #.#
. #.
.........##


You could see a gnoll.

Vanquished Creatures
  3 gnolls (D:2)
  4 adders (D:2)
  A worm (D:2)
  A dart slug (D:2)
  4 bats
  3 endoplasms
  A giant cockroach (D:1)
  5 hobgoblins
  3 kobolds
  2 quokkas
  2 ball pythons (D:1)
  A frilled lizard (D:1)
  A rat (D:2)
31 creatures vanquished.

Notes
Turn   | Place    | Note
-------+----------+-------------------------------------------
     0 | D:1      | Acheron the Minotaur Fighter began the quest for the Orb.
     0 | D:1      | Reached XP level 1. HP: 19/19 MP: 0/0
   263 | D:1      | Reached XP level 2. HP: 25/27 MP: 1/1
   296 | D:1      | Found a faded altar of an unknown god.
   312 | D:1      | Became a worshipper of Makhleb the Destroyer
   312 | D:1      | Reached * piety under Makhleb
   890 | D:2      | Reached XP level 3. HP: 22/33 MP: 2/2
  1311 | D:2      | Reached skill level 1 in Dodging
  1454 | D:2      | Reached XP level 4. HP: 24/40 MP: 3/3
  1457 | D:2      | Reached skill level 1 in Stealth
  1493 | D:2      | Slain by a gnoll

Illustrated notes

Levels and vault maps discovered:
D:1:      dpeg_arrival_lava_temple_mockup, layout_basic,
          hellmonk_ecumenical_altar_inner_sanctum, kennysheep_decorative_pillar
D:2:      layout_loops_ring
D:3:      layout_loops_corners, grunt_temple_overflow_open

Skill      XL: |  1  2  3  4 |
---------------+-------------+-----
Fighting       | 4 |  4.2
Shields        | 4 |  4.0
Armour         | 4 |  4.2
Axes           | 3 |  3.7
Dodging        | 1 |  1.3
Stealth        | 1 |  1.0

Action                   |  1- 3 |  4- 6 || total
-------------------------+-------+-------++-------
Melee: War axe           |    71 |    13 ||    84
       Headbutt          |     8 |     3 ||    11
Armor: Scale mail        |    35 |     2 ||    37
       Ring mail         |     8 |       ||     8
Dodge: Dodged            |    36 |     8 ||    44
Block: Kite shield       |    18 |       ||    18
       Buckler           |    10 |     6 ||    16
